 Dungeon Crawl Stone Soup version 0.28.0-53-g5a82cb258f (webtiles) character file.

Game seed: 7157817936785272613

16698 Mesimayra the Thaumaturge (level 12, 0/88 HPs)
             Began as a Djinni Fire Elementalist on Aug 6, 2022.
             Was a Priest of Makhleb.
             Slain by a six-headed hydra (1 damage)
             ... on level 3 of the Lair of Beasts.
             The game lasted 01:20:46 (22043 turns).

Mesimayra the Thaumaturge (DjFE)                   Turns: 22043, Time: 01:20:49

Health: 0/88       AC: 10    Str:  7    XL:     12   Next: 73%
Gold:   823        EV: 20    Int: 28    God:    Makhleb [***...] SH:  0 Dex: 14

rFire   + + .      SeeInvis .   M - +4 mace "Xaepru Kouga" {flame, rC++}
rCold   + . .      Faith    .   (no shield)
rNeg    . . .      Spirit   .   y - +0 steam dragon scales
rPois   ∞          Reflect  .   s - +1 helmet of Grace {rElec}
rElec   +          Harm     .   m - +1 cloak
rCorr   .          Rampage  .   (no gloves)
Will    +....                   (boots unavailable)
Stlth   ++........              (no amulet)
HPRegen 0.24/turn               v - +4 ring of evasion
MPRegen 0.00/turn               r - +6 ring of intelligence

@: sluggish, flying, studying Spellcasting, very slow
A: sickness immunity, fire resistance 2, cold vulnerability 1, float, innate
caster, HP casting, extra vitality 1
a: Renounce Religion, Minor Destruction, Lesser Servant of Makhleb


You were on level 3 of the Lair of Beasts.
You worshipped Makhleb.
Makhleb was most pleased with you.
You visited 3 branches of the dungeon, and saw 14 of its levels.

You collected 823 gold pieces.

Inventory:

Hand Weapons
 D - a +2 morningstar of draining
 M - the +4 mace "Xaepru Kouga" (weapon) {flame, rC++}
   (You found it on level 2 of the Lair of Beasts)

   It burns those it strikes, dealing additional fire damage.
   rC:        It greatly protects you from cold.
Missiles
 c - 22 poisoned darts
Armour
 m - a +1 cloak (worn)
 s - the +1 helmet of Grace (worn) {rElec}
   (You found it on level 6 of the Dungeon)

   rElec:     It insulates you from electricity.
 w - a +0 troll leather armour
 y - +0 steam dragon scales (worn)
Magical Staves
 u - a staff of cold
Jewellery
 g - a ring of protection from fire
 r - a +6 ring of intelligence (right hand)
 v - a +4 ring of evasion (left hand)
 F - a ring of fire
Wands
 e - a wand of paralysis (4)
 h - a wand of acid (6)
 l - a wand of iceblast (9)
 G - a wand of polymorph (6)
 K - a wand of flame (9)
Scrolls
 f - 3 scrolls of amnesia
 p - 2 scrolls of enchant weapon
 q - 2 scrolls of fog
 t - a scroll of immolation
 C - a scroll of magic mapping
 E - a scroll of brand weapon {unknown}
 H - a scroll of teleportation
 J - a scroll of fear {unknown}
Potions
 a - a potion of heal wounds
 b - 5 potions of curing
 d - 4 potions of magic
 i - a potion of haste {unknown}
 j - 2 potions of attraction {unknown}
 k - 2 potions of might
 n - a potion of mutation {unknown}
 o - 2 potions of resistance
 x - 5 potions of brilliance
 z - a potion of flight {unknown}
 B - 3 potions of cancellation
Miscellaneous
 A - a lightning rod (4/4)
 I - a phantom mirror


   Skills:
 + Level 8.5 Fighting
 + Level 4.7 Armour
 + Level 9.7 Dodging
 - Level 2.0 Stealth
 * Level 10.1 Spellcasting
 - Level 6.7 Invocations
 + Level 5.7 Evocations


You had 5 spell levels left.
You knew the following spells:

 Your Spells              Type           Power      Damage    Failure   Level
a - Foxfire               Conj/Fire      100%       2x1d9     1%          1
b - Scorch                Fire           100%       2d10      1%          2
c - Conjure Flame         Conj/Fire      63%        6-21      1%          3
d - Inner Flame           Hex/Fire       63%        N/A       1%          3
e - Flame Wave            Conj/Fire      63%        2d12      1%          4
f - Beastly Appendage     Tmut           100%       N/A       1%          1
g - Blink                 Tloc           100%       N/A       1%          2
h - Stone Arrow           Conj/Erth      100%       3d13      1%          3
i - Swiftness             Air            63%        N/A       1%          3
j - Airstrike             Air            31%        N/A       1%          4
Your spell library was empty.

Dungeon Overview and Level Annotations

Branches:
Dungeon (10/15)            Temple (0/1) D:7            Lair (3/6) D:10
  Swamp (0/4) Lair:2       Spider (0/4) Lair:2          Orc (1/2) D:9

Altars:
Cheibriados
Gozag
Makhleb
Nemelex Xobeh
Okawaru
Trog
Vehumet
Yredelemnul
Zin

Portals:
Trove: D:10 (give 4 potions of resistance)

Annotations:
Lair:1 1 runed translucent door, Kautumes's ghost, journeyman GrBe


Innate Abilities, Weirdness & Mutations

You are immune to sickness and miasma.
You are immune to poison.
Your flesh is very heat resistant. (rF++)
You are vulnerable to cold. (rC-)
You float through the air rather than walking.
You learn spells naturally, not from books.
Your magical power is your life essence.
You have superior vitality. (+4 MHP)


Message History

Aiming: Stone Arrow (safe; 1% risk of failure)
Press: ? - help, Shift-Dir - straight line, f/p - six-headed hydra
Aim: a six-headed hydra (heavily wounded, 92% to hit)
The stone arrow misses the six-headed hydra.
You start to feel a little slower.
Casting: Stone Arrow (safe; 1% risk of failure)
Confirm with . or Enter, or press ? or * to list all spells.
Aiming: Stone Arrow (safe; 1% risk of failure)
Press: ? - help, Shift-Dir - straight line, f/p - six-headed hydra
Aim: a six-headed hydra (moderately wounded, 92% to hit)
The stone arrow hits the six-headed hydra!!
The six-headed hydra is severely wounded.
You feel sluggish.
Casting: Stone Arrow (safe; 1% risk of failure)
Confirm with . or Enter, or press ? or * to list all spells.
Aiming: Stone Arrow (safe; 1% risk of failure)
Press: ? - help, Shift-Dir - straight line, f/p - six-headed hydra
Aim: a six-headed hydra (severely wounded, 92% to hit)
The stone arrow hits the six-headed hydra!
The six-headed hydra is severely wounded.
The six-headed hydra closely misses you.
The six-headed hydra bites you but does no damage. x2
The six-headed hydra bites you. x2; The six-headed hydra bites you!
The six-headed hydra bites you! x3
The six-headed hydra bites you but does no damage.
The six-headed hydra completely misses you.
The six-headed hydra bites you but does no damage.
The six-headed hydra bites you but does no damage.
The six-headed hydra barely misses you. The six-headed hydra bites you!
* * * LOW HITPOINT WARNING * * *
The six-headed hydra bites you!
* * * LOW HITPOINT WARNING * * *
The six-headed hydra bites you.
* * * LOW HITPOINT WARNING * * *
The six-headed hydra completely misses you.
The six-headed hydra closely misses you.
The six-headed hydra bites you!
* * * LOW HITPOINT WARNING * * *
The six-headed hydra bites you.
You die...

##P.P###P....#........#......
#............#.>....###.#.##.
###..............#### .. #
##..#.##.....#.## .##
#P..#####.......## #... #..
#...P.###....<...# #... #P.
##......P.......## #..###..
#...............# #......
##.##..####@....### #..)...
#..#### #.D...#.####......
##..# #.................
#..P#######.................
#...#.#P##..................
#...........................
##..>.....<.................
#.########..##..P..####.###
### ########### ###


You could see a six-headed hydra.

Vanquished Creatures
  3 hydras
  2 two-headed ogres
  A wolf spider (D:10)
  2 black mambas
  3 elephants (Lair:2)
  Maggie (D:9)
  4 cane toads
  A rime drake (Lair:3)
  2 trolls
  2 polar bears
  A tyrant leech (Lair:2)
  A hornet (D:8)
  A meliai zombie (D:10)
  9 yaks
  2 wraiths
  3 wyverns
  3 basilisks (Lair:2)
  A steam dragon (D:10)
  A swamp worm (Lair:2)
  8 water moccasins
  An orc warrior (D:8)
  A hornet zombie (D:8)
  A black bear (D:6)
  2 sky beasts
  4 ogres (D:5)
  7 wolves (D:10)
  2 centaurs
  Blork the orc (D:4)
  A kobold brigand (D:6)
  13 bullfrogs
  6 scorpions
  A wyvern skeleton (D:7)
  12 killer bees
  9 wights
  A howler monkey (D:9)
  8 electric eels
  4 centaur zombies
  2 bullfrog zombies (D:6)
  A bullfrog skeleton (D:6)
  3 orc priests
  3 hounds
  3 jellies
  Crazy Yiuf (D:4)
  A centaur skeleton (D:7)
  3 iguanas
  7 orc wizards
  2 killer bee zombies
  A hound skeleton (D:4)
  4 howler monkey zombies
  3 gnolls (D:8)
  8 adders
  2 adder skeletons
  5 worms
  A dart slug (D:2)
  19 orcs
  2 bats (D:1)
  8 endoplasms
  5 giant cockroaches
  6 goblins
  6 hobgoblins
  7 jackals (D:1)
  2 quokkas
  5 ball pythons
  A frilled lizard (D:3)
  8 kobolds
  5 rats
249 creatures vanquished.

Vanquished Creatures (collateral kills)
  A foxfire (D:3)
1 creature vanquished.

Vanquished Creatures (others)
  307 foxfires
  16 fungi
  9 plants
332 creatures vanquished.

Grand Total: 582 creatures vanquished

Notes
Turn   | Place    | Note
-------+----------+-------------------------------------------
     0 | D:1      | Mesimayra the Djinni Fire Elementalist began the quest for
                  | the Orb.
     0 | D:1      | Reached XP level 1. HP: 15/15 MP: 0/0
   144 | D:1      | Found a faded altar of an unknown god.
   521 | D:1      | Reached XP level 2. HP: 20/22 MP: 0/0
  1388 | D:1      | Reached skill level 1 in Fighting
  1388 | D:1      | Reached XP level 3. HP: 25/27 MP: 0/0
  1388 | D:1      | Learned a level 1 spell: Beastly Appendage
  2235 | D:2      | Reached XP level 4. HP: 25/32 MP: 0/0
  2341 | D:2      | Reached skill level 3 in Spellcasting
  3149 | D:2      | Reached XP level 5. HP: 33/38 MP: 0/0
  3149 | D:2      | Learned a level 2 spell: Blink
  4263 | D:3      | Found a faded altar of an unknown god.
  4268 | D:3      | Found a bloodstained altar of Trog.
  5406 | D:4      | Reached XP level 6. HP: 38/44 MP: 0/0
  5594 | D:4      | Found a burning altar of Makhleb.
  5594 | D:4      | Noticed a sky beast
  5612 | D:4      | Killed a sky beast
  5613 | D:4      | Reached skill level 4 in Spellcasting
  6323 | D:4      | Became a worshipper of Makhleb the Destroyer
  6345 | D:4      | Noticed Blork the orc
  6372 | D:4      | Killed Blork the orc
  6373 | D:4      | Reached XP level 7. HP: 17/50 MP: 0/0
  6373 | D:4      | Learned a level 3 spell: Stone Arrow
  6765 | D:4      | Found a basalt altar of Yredelemnul.
  6873 | D:4      | Found a runed translucent door.
  6874 | D:4      | Noticed Crazy Yiuf
  7483 | D:4      | Killed Crazy Yiuf
  7548 | D:5      | Entered Level 5 of the Dungeon
  7616 | D:5      | Found a snail-covered altar of Cheibriados.
  7871 | D:5      | Noticed a wyvern
  7876 | D:5      | Killed a wyvern
  7877 | D:5      | Reached skill level 1 in Invocations
  7971 | D:5      | Reached XP level 8. HP: 48/58 MP: 0/0
  7979 | D:5      | Reached skill level 5 in Dodging
  7985 | D:5      | Reached skill level 5 in Spellcasting
  8006 | D:5      | HP: 1/58 [ogre/+0 giant club (16)]
  9337 | D:6      | Reached XP level 9. HP: 53/63 MP: 0/0
  9337 | D:6      | Learned a level 3 spell: Swiftness
  9672 | D:6      | Reached skill level 6 in Spellcasting
  9777 | D:6      | Found a glowing silver altar of Zin.
  9803 | D:6      | Reached * piety under Makhleb
  9837 | D:6      | Reached skill level 5 in Fighting
  9854 | D:6      | Identified the +1 helmet of Grace {rElec}
 10820 | D:7      | Found an iron altar of Okawaru.
 11285 | D:7      | Found a staircase to the Ecumenical Temple.
 12004 | D:8      | Reached skill level 1 in Evocations
 12154 | D:8      | Noticed a hornet
 12308 | D:8      | Reached XP level 10. HP: 53/72 MP: 0/0
 12908 | D:8      | Reached skill level 7 in Spellcasting
 13556 | D:9      | Noticed a two-headed ogre
 13618 | D:9      | Reached skill level 5 in Invocations
 13621 | D:9      | Reached ** piety under Makhleb
 13722 | D:9      | Found a sparkling altar of Nemelex Xobeh.
 13754 | D:9      | Noticed Maggie
 13768 | D:9      | Killed Maggie
 14037 | D:9      | Found an opulent altar of Gozag.
 14155 | D:9      | You are sucked into a shaft and drop 1 floor!
 14155 | D:10     | Entered Level 10 of the Dungeon
 14416 | D:9      | Found a staircase to the Orcish Mines.
 14931 | D:9      | Killed a two-headed ogre
 15063 | Orc:1    | Entered Level 1 of the Orcish Mines
 15064 | Orc:1    | Noticed an orc high priest
 15068 | Orc:1    | Noticed an orange demon
 15210 | D:9      | Reached XP level 11. HP: 67/78 MP: 0/0
 15210 | D:9      | Learned a level 4 spell: Airstrike
 15213 | D:9      | Reached skill level 8 in Spellcasting
 15620 | D:10     | Found a portal to a secret trove of treasure.
 15755 | D:10     | Reached skill level 1 in Armour
 16232 | D:10     | Noticed an ogre mage
 16232 | D:10     | Noticed a wolf spider
 16232 | D:10     | Noticed an eight-headed hydra
 17036 | D:10     | Found a staircase to the Lair.
 17041 | D:10     | Noticed a two-headed ogre
 17063 | D:10     | Killed a two-headed ogre
 17643 | D:10     | Killed a wolf spider
 17669 | Lair:1   | Entered Level 1 of the Lair of Beasts
 17929 | Lair:1   | Found a runed translucent door.
 17941 | Lair:1   | Noticed Kautumes's ghost (journeyman GrBe)
 19326 | Lair:2   | Reached skill level 9 in Spellcasting
 19456 | Lair:2   | Noticed a six-headed hydra
 19464 | Lair:2   | Killed a six-headed hydra
 19465 | Lair:2   | Reached XP level 12. HP: 65/86 MP: 0/0
 19612 | Lair:2   | Reached *** piety under Makhleb
 19615 | Lair:2   | Identified the +4 mace "Xaepru Kouga" {flame, rC++}
 19657 | Lair:2   | Noticed a boulder beetle
 19682 | Lair:2   | Reached skill level 5 in Evocations
 19836 | Lair:2   | Noticed a five-headed hydra
 20468 | Lair:2   | Found a hole to the Spider Nest.
 20511 | Lair:2   | Noticed an eight-headed hydra
 20696 | Lair:2   | Identified a scroll of acquirement
 20731 | Lair:2   | Acquired a manual of Spellcasting
 20868 | Lair:2   | Noticed a seven-headed hydra
 20877 | Lair:2   | Killed a seven-headed hydra
 21200 | Lair:2   | Found a staircase to the Swamp.
 21304 | Lair:3   | Noticed a five-headed hydra
 21339 | Lair:3   | Killed a five-headed hydra
 21563 | Lair:3   | Reached skill level 10 in Spellcasting
 22012 | Lair:3   | Noticed a six-headed hydra
 22043 | Lair:3   | HP: 1/88 [six-headed hydra (10)]
 22043 | Lair:3   | Slain by a six-headed hydra

Illustrated notes

Levels and vault maps discovered:
D:1:      minmay_arrival_checkered_box, layout_loops_ring,
          hellmonk_ecumenical_altar_dog_temple
D:2:      layout_basic
D:3:      layout_basic, nicolae_overflow_ecumenical_swirl,
          serial_park_tiny_pond, minmay_misc_feat_nine_boxes, glass_columns_a,
          minivault_26
D:4:      layout_loops_corners, general_overflow_altar,
          grunt_temple_overflow_lords_of_destruction, uniq_crazy_yiuf_cottage,
          uniq_blork_the_orc
D:5:      layout_loops_ring, kennysheep_mini_moat
D:6:      layout_basic, mainiacjoe_overflow_surrounded_room, st_stairs_14,
          minivault_10
D:7:      layout_cave_pools, okawaru_ov_weapons_minmay,
          minmay_temple_entry_slanted, kennysheep_dice
D:8:      layout_loops_corners
D:9:      layout_roguey, nemelex_xobeh_ov_fountains_minmay,
          grunt_gozag_breadcrumbs, orc_0_dummy, uniq_maggie
D:10:     nzn_winding_woodlands_small [nzn_winding_woodlands_5x15_pool,
          nzn_winding_woodlands_center_triple_pond,
          nzn_winding_woodlands_5x15_jagged], layout_stronghold,
          erik_lair_island, enter_trove_0, kennysheep_boxes
Lair:1:   layout_regular_city, ebering_ghost_reflecting_pool,
          nicolae_quartered_pool_impasse
Lair:2:   layout_loops_ring, palyth_hydra_swamp_entry,
          nicolae_spider_entry_non_spiders, disabler_island
Lair:3:   layout_chaotic_city, minmay_lair_oklob_bushes, grunt_megastairs_4
Orc:1:    layout_caves, basic_altar, mines3_lemuel, uniq_jorgrun

Skill      XL: |  1  2  3  4  5  6  7  8  9 10 11 12 |
---------------+-------------------------------------+-----
Stealth        | 2 |  2.0
Fighting       | 1 2 3 4 5 6 7 8 |  8.5
Dodging        | 3 4 5 6 7 9 |  9.7
Spellcasting   | 3 4 5 6 7 9 10 | 10.1
Invocations    | 1 3 4 5 6 |  6.7
Evocations     | 1 3 4 5 |  5.7
Armour         | 3 4 |  4.7

Action                   |  1- 3 |  4- 6 |  7- 9 | 10-12 || total
-------------------------+-------+-------+-------+-------++-------
Melee: Unarmed           |    51 |    38 |       |       ||    89
       Punch             |       |     1 |       |       ||     1
       Dagger            |       |    11 |     9 |       ||    20
       Morningstar       |       |       |       |     2 ||     2
 Cast: Foxfire           |    56 |   130 |    26 |    12 ||   224
       Scorch            |       |    19 |    44 |     6 ||    69
       Blink             |       |     3 |     2 |     2 ||     7
       Stone Arrow       |       |       |   105 |   241 ||   346
       Swiftness         |       |       |     3 |    16 ||    19
       Airstrike         |       |       |       |    11 ||    11
Evoke: Wand              |       |       |       |     5 ||     5
       Lightning rod     |       |       |       |     1 ||     1
  Use: Scroll            |       |     8 |     6 |    10 ||    24
       Potion            |       |     2 |     1 |     1 ||     4
 Stab: Sleeping          |     1 |     3 |     1 |       ||     5
Armor: Robe              |    20 |    15 |     6 |     2 ||    43
       Troll leather arm |       |       |       |     4 ||     4
       Steam dragon scal |       |       |       |    16 ||    16
Dodge: Dodged            |    84 |    58 |    31 |   120 ||   293
